 Dungeon Crawl Stone Soup version 0.30-a0-358-g0d69a1922f (webtiles) character file.

Game seed: 4252864180497378725

130 Devinter the Ruffian (level 5, -1/69 HPs)
             Began as a Naga Transmuter on Nov 10, 2022.
             Slain by Natasha (3 damage)
             ... on level 2 of the Dungeon.
             The game lasted 00:12:13 (1414 turns).

Devinter the Ruffian (Naga Transmuter)              Turns: 1414, Time: 00:12:14

Health: -1/69      AC: 22    Str: 19    XL:     5   Next: 14%
Magic:  8/8        EV:  1    Int: 15    God:
Gold:   79         SH:  0    Dex: 11    Spells: 3/9 levels left

rFire   . . .      SeeInvis +    i - +0 long sword
rCold   . . .      Faith    .    (no shield)
rNeg    . . .      Spirit   .    (body armour currently unavailable)
rPois   +          Reflect  .    (helmet currently unavailable)
rElec   .          Harm     .    (cloak currently unavailable)
rCorr   .          Rampage  .    (gloves currently unavailable)
Will    .....      NoTele   +    (no barding)
Stlth   ++........               (no amulet)
HPRegen 0.31/turn                d - +6 ring of strength
MPRegen 0.11/turn                (no ring)

@: tree-form
A: stationary, stasis, torment immunity, boosted hp, AC +1, large, see
invisible, (deformed body), (poison resistance), (slowness 2), spit poison 1,
(naga tail 1)
a: Spit Poison


You were on level 2 of the Dungeon.
You were a tree.
You visited 1 branch of the dungeon, and saw 2 of its levels.

You collected 79 gold pieces.

Inventory:

Hand Weapons
 i - a +0 long sword (weapon)
Missiles
 c - 6 atropa-tipped darts (quivered)
Armour
 a - a +0 robe (melded)
 g - a +0 barding (melded)
Jewellery
 d - a +6 ring of strength (left branch)
Scrolls
 f - a scroll of magic mapping {unknown}
 h - a scroll of noise {unknown}
Potions
 b - a potion of lignification
 e - a potion of curing {unknown}
 j - a potion of attraction {unknown}


   Skills:
 + Level 2.7 Fighting
 - Level 2.0 Dodging
 + Level 2.5 Stealth
 - Level 3.0 Unarmed Combat
 + Level 2.5 Spellcasting
 + Level 2.7 Transmutations
 + Level 1.9 Poison Magic


You had 3 spell levels left.
You knew the following spells:

 Your Spells              Type           Power      Damage    Failure   Level
a - Beastly Appendage     Tmut           20%        N/A       7%          1
b - Wereblood             Tmut           10%        N/A       11%         2
c - Spider Form           Tmut/Pois      8%         N/A       24%         3

Your spell library contained the following spells:

 Spells                   Type           Power      Damage    Failure   Level
 Poisonous Vapours        Pois/Air       8%         N/A       22%         2
 Cigotuvi's Dreadful Rot  Necr/Pois/Air  6%         N/A       24%         2
 Mephitic Cloud           Conj/Pois/Air  3%         N/A       43%         3
 Ice Form                 Ice/Tmut       5%         N/A       77%         4


Dungeon Overview and Level Annotations

Branches:
Dungeon (2/15)

Altars:

Annotations:
D:2 Natasha


Innate Abilities, Weirdness & Mutations

You are a tree.
Your roots penetrate the ground, keeping you stationary.
You cannot be teleported.
You are immune to unholy pain and torment.
Your maximum health is greatly increased.
Your equipment is partially melded.
((Your serpentine skin is tough. (AC +1)))
You have supernaturally acute eyesight. (SInv)
((Armour fits poorly on your strangely shaped body.))
((Your system is resistant to poisons. (rPois)))
((You cover ground very slowly.))
You can spit poison.
((You have a snake-like lower body.))


Message History

Natasha claws you.
You barely miss Natasha.
Natasha is heavily wounded.
You have got your breath back.
The bat misses you. The crimson imp misses you.
The shadow imp closely misses you.
Natasha zaps a wand.
The roots erupt in riotous growth!
The grasping roots grab you!
The bat is unaffected.
The crimson imp is unaffected.
Natasha is unaffected.
The shadow imp is unaffected.
The grasping roots constrict you. The bat hits you but does no damage.
The crimson imp barely misses you.
You hear a shout!
You hit Natasha.
Natasha is almost dead.
The bat completely misses you. The bat hits you but does no damage.
Natasha claws you. The grasping roots constrict you. The shadow imp hits you.
* * * LOW HITPOINT WARNING * * *
The crimson imp barely misses you. Natasha claws you.
* * * LOW HITPOINT WARNING * * *
The grasping roots constrict you.
* * * LOW HITPOINT WARNING * * *
The shadow imp hits you but does no damage.
The grasping roots release their grip on you.
You closely miss Natasha.
Natasha is severely wounded.
The bat hits you but does no damage. x2; The crimson imp hits you.
* * * LOW HITPOINT WARNING * * *
Natasha claws you.
* * * LOW HITPOINT WARNING * * *
The bat hits you but does no damage. The shadow imp gestures at you.
You struggle to resist.
The crimson imp hits you.
* * * LOW HITPOINT WARNING * * *
Really quaff the potion of lignification?
Your horns disappear.
Your +0 barding unmelds from your body.
You turn into a tree.
Your +0 barding melds into your body.
Your +0 robe melds into your body.
Your roots penetrate the ground.
Natasha claws you.
You die...

####. ## ##......# #
###........# #
...........# ####
#..........# ###÷..
.### #..$.......#
#...##
.$...#..........###)###
#....hb......))..####
#♣5.......)#####..
..###.5......#....##..
....[..................
#####..........####....
#..........# ###..
#..........# #..
#..........# #..
##........## #..
##......## #..


You could see Natasha, a crimson imp (summoned), a shadow imp (summoned) and a
bat.

Vanquished Creatures
  Natasha (D:2)
  3 gnolls (D:2)
  2 adders (D:2)
  A worm (D:2)
  5 bats
  3 endoplasms
  6 giant cockroaches
  6 goblins
  6 hobgoblins
  2 jackals (D:1)
  A quokka (D:1)
  4 ball pythons
  3 frilled lizards
  6 kobolds
  5 rats
54 creatures vanquished.

Notes
Turn   | Place    | Note
-------+----------+-------------------------------------------
     0 | D:1      | Devinter the Naga Transmuter began the quest for the Orb.
     0 | D:1      | Reached XP level 1. HP: 18/18 MP: 3/3
    77 | D:1      | Reached XP level 2. HP: 25/25 MP: 5/5
   140 | D:1      | Reached skill level 2 in Dodging
   227 | D:1      | Reached skill level 2 in Fighting
   235 | D:1      | Learned a level 2 spell: Wereblood
   476 | D:1      | Reached XP level 3. HP: 28/32 MP: 4/6
   524 | D:1      | Learned a level 3 spell: Spider Form
   929 | D:1      | Reached skill level 1 in Stealth
  1112 | D:2      | Noticed Natasha
  1114 | D:2      | Found a faded altar of an unknown god.
  1124 | D:2      | Killed Natasha
  1125 | D:2      | Reached skill level 1 in Poison Magic
  1125 | D:2      | Reached XP level 4. HP: 38/40 MP: 5/7
  1190 | D:2      | Reached skill level 2 in Stealth
  1234 | D:2      | Reached XP level 5. HP: 11/46 MP: 8/8
  1404 | D:2      | Noticed Natasha
  1413 | D:2      | HP: 3/46 [Natasha (6)]
  1413 | D:2      | HP: 1/46 [crimson imp[Natasha] (2)]
  1414 | D:2      | Slain by Natasha

Illustrated notes

Levels and vault maps discovered:
D:1:      roderic_crossed_star, layout_basic, minmay_misc_feat_pillars,
          hangedman_decor_clover_reticule, chequers_avenue,
          minmay_small_reverse_x
D:2:      layout_rooms, shapermc_ecumenical_altar_mp_ritualfount, uniq_robin,
          uniq_crazy_yiuf_cottage, uniq_natasha

Skill      XL: |  1  2  3  4 |
---------------+-------------+-----
Dodging        | 2 |  2.0
Fighting       | 2 |  2.7
Stealth        | 1 2 |  2.5
Poison Magic   | 1 |  1.9
Unarmed Combat | |  3.0
Spellcasting   | |  2.5
Transmutations | |  2.7

Action                   |  1- 3 |  4- 6 || total
-------------------------+-------+-------++-------
Melee: Club              |    61 |       ||    61
       Unarmed           |     4 |       ||     4
       Headbutt          |    15 |     6 ||    21
       Punch             |     2 |     1 ||     3
       Long sword        |    46 |    40 ||    86
Throw: Dart              |       |     1 ||     1
 Cast: Beastly Appendage |    17 |     4 ||    21
       Wereblood         |     2 |     1 ||     3
 Abil: Spit Poison       |     2 |     5 ||     7
  Use: Potion            |       |     1 ||     1
 Stab: Sleeping          |     2 |       ||     2
Armor: Robe              |    58 |    23 ||    81
Dodge: Dodged            |    73 |    39 ||   112

Table legend: (Time is in decaauts)
 A = Elapsed time spent in this place.
 B = Non-inter-level travel time spent in this place.
 C = Inter-level travel time spent in this place.
 D = Time resting spent in this place.
 E = Time spent auto-exploring this place.
 F = Levels seen in this place.
 G = Mean time per level.
                   A        B        C        D        E       F      G
               +--------+--------+--------+--------+--------+-----+--------+
         Total |   1815 |   1780 |     35 |    298 |    521 |   2 |  907.5 |
       Dungeon |   1815 |   1780 |     35 |    298 |    521 |   2 |  907.5 |
               +--------+--------+--------+--------+--------+-----+--------+

Top non-repeatable levels by time:
     D:1: 1363 daAuts
     D:2: 451 daAuts
